 Dungeon Crawl Stone Soup version 0.29.0-4-gdea44cf6ec (webtiles) character file.

Game seed: 9869465374910547015

2 qw the Sneak (level 1, -2/14 HPs)
             Began as a Gargoyle Delver on Sept 10, 2022.
             Slain by an iguana (5 damage)
             ... on level 4 of the Dungeon.
             The game lasted 00:00:04 (234 turns).

qw the Sneak (Gargoyle Delver)                       Turns: 234, Time: 00:00:05

Health: -2/14      AC:  8    Str: 15    XL:     1   Next: 30%
Magic:  1/1        EV: 10    Int: 10    God:
Gold:   0          SH:  0    Dex: 11    Spells: 0/0 levels left

rFire   . . .      SeeInvis .   j - +0 war axe
rCold   . . .      Faith    .   (no shield)
rNeg    + . .      Spirit   .   k - +0 ring mail
rPois   inf        Reflect  .   (no helmet)
rElec   +          Harm     .   h - +0 cloak
rCorr   .          Rampage  .   (no gloves)
Will    .....                   (no boots)
Stlth   ++........              (no amulet)
HPRegen 0.04/turn               (no ring)
MPRegen 0.07/turn               (no ring)

@: no status effects
A: sickness immunity, AC +2, negative energy resistance 1, electricity
resistance, torment resistance 1, petrification resistance
a: no special abilities


You were on level 4 of the Dungeon.
You visited 1 branch of the dungeon, and saw 2 of its levels.


Innate Abilities, Weirdness & Mutations

You are immune to sickness and miasma.
Your stone body is resilient. (AC +2)
You are immune to poison.
You resist negative energy. (rN+)
You are resistant to electric shocks. (rElec)
You are resistant to unholy torment.
You are immune to petrification.


   Skills:
 - Level 3.2 Fighting
 + Level 2.0 Axes
 - Level 1.5 Dodging
 - Level 5.4 Stealth


You couldn't memorise any spells.
You didn't know any spells.
Your spell library was empty.

Inventory:

Hand Weapons
 j - a +0 war axe (weapon)
Armour
 h - a +0 cloak (worn)
 k - a +0 ring mail (worn)
Wands
 g - a wand of digging (3)
Potions
 f - a potion of haste
 i - a potion of ambrosia {unknown}

Dungeon Overview and Level Annotations

Branches:
Dungeon (5/15)
 Temple: D:4-7

Altars:

Shops:
D:5 (


Message History

j - a +0 war axe (weapon)
195 ||| DROPPING +0 hand axe.
You drop a +0 hand axe.
196 ||| UPGRADING to +0 cloak.
You start putting on your armour.
You continue putting on your +0 cloak. x4
You finish putting on your +0 cloak.
201 ||| UPGRADING to +0 ring mail.
You start removing your armour.
You continue taking off your +0 leather armour. x4
You finish taking off your +0 leather armour.
You start putting on your armour.
You continue putting on your +0 ring mail. x5
You finish putting on your +0 ring mail.
211 ||| DROPPING +0 leather armour.
You drop a +0 leather armour.
212 ||| DROPPING scroll of fog.
You drop a scroll of fog.
213 ||| DROPPING scroll of magic mapping.
You drop a scroll of magic mapping.
214 ||| DROPPING scroll of fear.
You drop a scroll of fear.
(D) Dungeon
Where to? (* - list waypoints, ? - help)
What level of the Dungeon? (default 1, ? - help)
Found a stone staircase leading up.
There is a stone staircase leading up here.
You climb upwards.
Found a ring mail.
There is a stone staircase leading down here.
Existing waypoints: (2) D:5 Assign waypoint to what number? (0-9, D - delete waypoint) Waypoint 1 assigned to D:4.
Enter note: An iguana comes into view.
The iguana hisses angrily.
You completely miss the iguana. The iguana bites you!
Ouch! That really hurt!
You closely miss the iguana. The iguana closely misses you.
You closely miss the iguana. The iguana bites you. x2
You die...

#########
#.......#
#.......#
#.......#
#.......#
#...>...#
#.......#
#.....@.#
#.....l.......
##............
#............
#............
#..[.........
.............
..............


You could see an iguana.

Vanquished Creatures
  An orc (D:5)
1 creature vanquished.

Notes
Turn   | Place    | Note
-------+----------+-------------------------------------------
     0 | D:5      | qw the Gargoyle Delver began the quest for the Orb.
     0 | D:5      | Reached XP level 1. HP: 14/14 MP: 1/1
     0 | D:5      | 0 ||| qw: Version: 0.1-a-116-g5d60599
     0 | D:5      | 0 ||| qw: Game counter: 9546
     0 | D:5      | 0 ||| qw: Always use a shield: true
     0 | D:5      | 0 ||| qw: God list: Okawaru
     0 | D:5      | 0 ||| qw: Allow faded altars: false
     0 | D:5      | 0 ||| qw: Do Orc after D:15 true
     0 | D:5      | 0 ||| qw: Do second Lair branch before Depths: true
     0 | D:5      | 0 ||| qw: Lair rune preference: random
     0 | D:5      | 0 ||| qw: Plans: Normal
     0 | D:5      | 0 ||| PLANNING D:1-11
    43 | D:5      | 43 ||| Stepping ~*~*~tactically~*~*~ (stealth).
    44 | D:5      | 44 ||| Stepping ~*~*~tactically~*~*~ (stealth).
    48 | D:5      | Noticed an orc wizard
    49 | D:5      | 49 ||| Stepping ~*~*~tactically~*~*~ (stealth).
    50 | D:5      | 50 ||| Stepping ~*~*~tactically~*~*~ (stealth).
   159 | D:5      | 159 ||| Stepping ~*~*~tactically~*~*~ (stealth).
   186 | D:5      | Found Xustow's Antique Weapon Shop.
   194 | D:5      | 194 ||| SWAPPING to +0 war axe.
   195 | D:5      | 195 ||| DROPPING +0 hand axe.
   196 | D:5      | 196 ||| UPGRADING to +0 cloak.
   201 | D:5      | 201 ||| UPGRADING to +0 ring mail.
   211 | D:5      | 211 ||| DROPPING +0 leather armour.
   212 | D:5      | 212 ||| DROPPING scroll of fog.
   213 | D:5      | 213 ||| DROPPING scroll of magic mapping.
   214 | D:5      | 214 ||| DROPPING scroll of fear.
   225 | D:4      | Noticed an iguana
   234 | D:4      | HP: 3/14 [iguana (3)]
   234 | D:4      | Slain by an iguana

Levels and vault maps discovered:
D:4:      layout_basic, elyvilon_altar_4, uniq_ijyb, uniq_eustachio
D:5:      layout_cave_pools, minmay_temple_entry_drinking_statues, serial_shops,
          shop, shop_statue, nicolae_take_the_stairs, grunt_ministairs_10,
          nicolae_shop_unique_rings, uniq_sigmund, uniq_grinder

Skill      XL: |  1 |
---------------+----+-----
Axes           | 2 |  2.0
Fighting       | |  3.2
Dodging        | |  1.5
Stealth        | |  5.4

Action                   || total
-------------------------++-------
Melee: Hand axe          ||     4
       War axe           ||     3
Dodge: Dodged            ||     4

Table legend:
 A = Non-vault XP
 B = Vault XP
 C = Vault XP percentage of total XP
 D = Non-vault monster count
 E = Vault monster count
 F = Vault count percentage of total count
                 A         B        C        D         E       F
            +---------+---------+-------+---------+---------+-------
      Total |       0 |       3 | 100.0 |       0 |       1 | 100.0
            +---------+---------+-------+---------+---------+-------
        D:5 |       0 |       3 | 100.0 |       0 |       1 | 100.0
            +---------+---------+-------+---------+---------+-------
